 Dungeon Crawl Stone Soup version 0.30.1-9-gdf580d7c3d (webtiles) character file.

Game seed: 4841264716787353388

106 eliilek the Cudgeller (level 4, -2/39 HPs)
             Began as a Minotaur Berserker on Oct 12, 2023.
             Was a Believer of Trog.
             Succumbed to an orc wizard's poison
             ... on level 3 of the Dungeon on Oct 13, 2023.
             The game lasted 00:04:43 (1711 turns).

eliilek the Cudgeller (Minotaur Berserker)          Turns: 1711, Time: 00:04:44

Health: -2/39      AC:  5    Str: 24    XL:     4   Next: 55%
Magic:  3/3        EV: 11    Int:  4    God:    Trog [**....]
Gold:   112        SH:  0    Dex:  9    Spells: 3/3 levels left

rFire   . . .        a - +0 flail
rCold   . . .        (no shield)
rNeg    . . .        g - +0 ring mail
rPois   .            (helmet restricted)
rElec   .            (no cloak)
rCorr   .            (no gloves)
SInv    .            (no boots)
Will    .....        (no amulet) Stlth
                     (no ring)
HPRegen 0.26/turn    (no ring)
MPRegen 0.08/turn

%: no passive effects
@: lethally poisoned (-2 -> -25), flying
A: horns 2, retaliatory headbutt
a: Renounce Religion, Berserk, Trog's Hand


You were on level 3 of the Dungeon.
You worshipped Trog.
Trog was pleased with you.
You visited 1 branch of the dungeon, and saw 3 of its levels.

You collected 112 gold pieces.

Inventory:

Hand Weapons
 a - a +0 flail (weapon)
Missiles
 l - 5 poisoned darts (quivered)
Armour
 g - a +0 ring mail (worn)
Scrolls
 b - a scroll of teleportation {unknown}
 c - a scroll of poison {unknown}
 e - a scroll of noise {unknown}
 h - a scroll of torment {unknown}
 j - 3 scrolls of identify {unknown}
 o - a scroll of blinking {unknown}
Potions
 d - a potion of attraction {unknown}
 f - 2 potions of flight
 i - a potion of might
 k - a potion of heal wounds {unknown}
 m - a potion of mutation {unknown}
 n - 3 potions of degeneration {unknown}


   Skills:
 - Level 3.6 Fighting
 * Level 6.5 Maces & Flails
 - Level 2.4 Armour
 - Level 2.1 Dodging


You had 3 spell levels left.
You didn't know any spells.
Your spell library was empty.

Dungeon Overview and Level Annotations

Branches:
Dungeon (3/15)

Altars:


Innate Abilities, Weirdness & Mutations

You have a pair of horns on your head.
You reflexively headbutt those who attack you in melee.


Message History

An orc wizard comes into view. It is wielding a +1 dagger of venom.
An orc comes into view. It is wielding a +0 flail.
The orc shouts! x2; You hear a shout!
You closely miss the orc. The orc hits you but does no damage.
You are electrocuted!
You sock the orc!
You kill the orc!
Trog accepts your kill.
You barely miss the orc wizard. You punch the orc wizard.
The orc wizard is moderately wounded.
The orc wizard points at you and mumbles some strange words.
You are confused.
You bump into the rock wall.
The orc wizard closely misses you.
The orc wizard hits you with a +1 dagger of venom.
You are poisoned.
You're too confused to move!
You feel very sick. The orc hits you with a +0 flail.
The orc wizard casts a spell at you.
The magic dart hits you but does no damage.
It was a potion of flight.
You feel very buoyant.
You fly up into the air.
You feel sick. The orc barely misses you. The orc wizard completely misses you.
You feel less confused.
You feel sick. The orc hits you but does no damage.
You hit the orc wizard. You headbutt the orc wizard.
The orc wizard is heavily wounded.
You feel sick. The orc hits you with a +0 flail.
* * * LOW HITPOINT WARNING * * *
The orc wizard hits you with a +1 dagger of venom.
* * * LOW HITPOINT WARNING * * *
You are lethally poisoned!
The orc wizard hits you but does no damage.
You are more poisoned.
The orc barely misses you. You furiously retaliate!
You headbutt the orc, but do no damage.
You hit the orc wizard but do no damage.
The orc wizard is heavily wounded.
You die...

...........#.##...
.###.##.#.........
#............o...
#.............#..
#.......###..## .
#.......#...##
#.........###
#...)†o)###
#...<@o.#
#.......#
#########


You could see an orc wizard and an orc.

Vanquished Creatures
  Jessica (D:2)
  3 adders
  3 worms (D:2)
  2 dart slugs
  2 orcs (D:3)
  4 ball pythons
  6 endoplasms
  A giant cockroach (D:1)
  3 goblins
  2 hobgoblins
  2 quokkas
  A bat (D:2)
  2 frilled lizards
  2 kobolds
  6 rats
40 creatures vanquished.

Notes
Turn   | Place    | Note
-------+----------+-------------------------------------------
     0 | D:1      | eliilek the Minotaur Berserker began the quest for the Orb.
     0 | D:1      | Reached XP level 1. HP: 19/19 MP: 0/0
   144 | D:1      | Reached skill level 4 in Maces & Flails
   265 | D:1      | Reached XP level 2. HP: 26/26 MP: 1/1
   809 | D:2      | Reached skill level 5 in Maces & Flails
   892 | D:2      | Reached XP level 3. HP: 30/31 MP: 2/2
  1019 | D:2      | Reached ** piety under Trog
  1232 | D:2      | Noticed Jessica
  1238 | D:2      | Killed Jessica
  1239 | D:2      | Reached skill level 6 in Maces & Flails
  1239 | D:2      | Reached XP level 4. HP: 39/39 MP: 3/3
  1711 | D:3      | Succumbed to an orc wizard's poison

Illustrated notes

Levels and vault maps discovered:
D:1:      lemuel_arrival_tunnels, layout_loops_cross
D:2:      layout_loops_cross, minmay_pentomino_r2, uniq_jessica
D:3:      minmay_spotlight, layout_rooms, kennysheep_generic_room_11

Skill      XL: |  1  2  3 |
---------------+----------+-----
Maces & Flails | 4 5 6 |  6.5
Fighting       | |  3.6
Armour         | |  2.4
Dodging        | |  2.1

Action                     |  1- 3 |  4- 6 || total
---------------------------+-------+-------++-------
  Melee: Mace              |    64 |    17 ||    81
         Headbutt          |     6 |     4 ||    10
         Flail             |       |     7 ||     7
         Punch             |       |     1 ||     1
 Invoke: Trog's Hand       |     1 |       ||     1
    Use: Potion            |       |     1 ||     1
 Armour: Animal skin       |     4 |       ||     4
         Leather armour    |     4 |       ||     4
         Ring mail         |     9 |     7 ||    16
  Dodge: Dodged            |    31 |    13 ||    44
